 Dungeon Crawl Stone Soup version 0.26.1 (webtiles) character file.

Game seed: 4315719485232986121

193 KamiKatze the Poker (level 5, -2/41 HPs)
             Began as a Merfolk Gladiator on Feb 5, 2021.
             Slain by an orc wizard
             ... wielding a +2 dagger of protection
              (4 damage)
             ... on level 3 of the Dungeon.
             The game lasted 00:09:24 (3081 turns).

KamiKatze the Poker (Merfolk Gladiator)             Turns: 3081, Time: 00:09:24

Health: -2/41      AC:  5    Str: 16    XL:     5   Next: 72%
Magic:  5/5        EV: 15    Int:  5    God:
Gold:   95         SH:  4    Dex: 17    Spells: 4/4 levels left

rFire    . . .     SeeInvis .   a - +0 trident
rCold    . . .     Faith    .   (no shield)
rNeg     . . .     Spirit   .   b - +0 leather armour
rPois    .         Reflect  .   c - +0 helmet
rElec    .         Harm     .   (no cloak)
rCorr    .         Rampage  .   (no gloves)
Will     .....                  m - +0 pair of boots
Stlth    +.........             (no amulet)
HPRegen  0.13/turn              (no ring)
MPRegen  0.09/turn              (no ring)

@: no status effects
A: change form in water, swift swim, stealthy swim, large bone plates 1, agile
1, dopey 1
a: no special abilities


You were on level 3 of the Dungeon.
You visited 1 branch of the dungeon, and saw 3 of its levels.

You collected 95 gold pieces.

Inventory:

Hand Weapons
 a - a +0 trident (weapon)
 g - a cursed -3 whip
 k - a +0 halberd
Missiles
 d - 2 throwing nets
 l - 58 poisoned darts (quivered)
 q - 3 boomerangs
Armour
 b - a +0 leather armour (worn)
 c - a +0 helmet (worn)
 e - a +0 ring mail
 m - a +0 pair of boots (worn)
 o - a +0 scale mail
 p - a +0 chain mail
Scrolls
 f - a scroll of fog {unknown}
 h - 2 scrolls of remove curse {unknown}
 i - 2 scrolls of identify {unknown}
 n - 3 scrolls of magic mapping {unknown}


   Skills:
 + Level 3.3 Fighting
 * Level 6.6 Polearms
 + Level 3.1 Throwing
 + Level 5.1 Dodging


You had 4 spell levels left.
You didn't know any spells.
Your spell library was empty.

Dungeon Overview and Level Annotations

Branches:
Dungeon (3/15)

Altars:
Ru


Innate Abilities, Weirdness & Mutations

You revert to your normal form in water.
You are very nimble and swift while swimming.
You are very stealthy in the water. (Stealth+)
You are partially covered in large bone plates. (SH +4)
You are agile. (Dex +2)
You are dopey. (Int -2)


Message History

Unknown command.
It was a potion of mutation.
You feel extremely strange.
You feel stupid.
You feel agile.
Large bone plates grow over parts of your arms.
The orc barely misses you. Something barely misses you.
Okay, then.
Throw: 3 throwing nets
Press: ? - help, Shift-Dir - straight line You throw a throwing net.
The orc misses you. Something hits you but does no damage.
You closely miss something. The orc barely misses you.
Something hits you but does no damage.
Unknown command.
You miss something. The orc closely misses you.
Something hits you but does no damage.
Unknown command.
You hit the orc.
The orc is moderately wounded.
The orc hits you but does no damage. Something hits you.
You die...

#.##........##.#
##'############.# ##...##
####.# #.....## ##.##.#
.......## ##.#.#.#
..(.....###.###..#######.#..o
........'....#......o.......o
........####รท..#########o....
.......## #(...{@# #.#
#.....## #.#.##o# ##...##
#.#.##.# ##)## #.#.##.# #.##
#.#.##.# #..## #.#.##.##.
##.#.#####.........#
#........<...####..+
#.....#########


You could see an orc.

Vanquished Creatures
  2 orc priests (D:3)
  7 adders (D:2)
  An ooze (D:3)
  3 worms (D:2)
  2 dart slugs (D:2)
  3 leopard geckos (D:1)
  7 orcs (D:3)
  2 giant cockroaches
  2 goblins
  10 hobgoblins
  A quokka (D:2)
  4 bats
  A frilled lizard (D:1)
  A kobold (D:2)
  5 rats
51 creatures vanquished.

Notes
Turn   | Place    | Note
-------+----------+-------------------------------------------
     0 | D:1      | KamiKatze the Merfolk Gladiator began the quest for the
                  | Orb.
     0 | D:1      | Reached XP level 1. HP: 16/16 MP: 1/1
   373 | D:1      | Reached XP level 2. HP: 23/23 MP: 2/2
   913 | D:1      | Reached skill level 5 in Polearms
  1294 | D:2      | Reached XP level 3. HP: 28/28 MP: 3/3
  1551 | D:2      | Reached XP level 4. HP: 30/34 MP: 4/4
  2146 | D:2      | Reached skill level 6 in Polearms
  2160 | D:2      | Found a sacrificial altar of Ru.
  2638 | D:3      | Reached XP level 5. HP: 41/41 MP: 5/5
  2650 | D:3      | Reached skill level 5 in Dodging
  3076 | D:3      | HP: 1/41 [orc/+0 hand axe (7)]
  3077 | D:3      | Gained mutation: You are dopey. (Int -2) [potion of
                  | mutation]
  3077 | D:3      | Gained mutation: You are agile. (Dex +2) [potion of
                  | mutation]
  3077 | D:3      | Gained mutation: You are partially covered in large bone
                  | plates. (SH +4) [potion of mutation]
  3081 | D:3      | Slain by an orc wizard

Illustrated notes

Levels and vault maps discovered:
D:1:      elethiomel_arrival_shortcut, layout_basic
D:2:      layout_loops_ring, nicolae_overflow_hidden_temple,
          minmay_misc_feat_iff, minmay_misc_feat_alley
D:3:      layout_loops_corners, lemuel_doored_altar, minmay_pentomino_pile

Skill      XL: |  1  2  3  4  5 |
---------------+----------------+-----
Polearms       | 5 6 |  6.6
Fighting       | 3 |  3.3
Dodging        | 5 |  5.1
Throwing       | 3 |  3.1

Action                   |  1- 3 |  4- 6 || total
-------------------------+-------+-------++-------
Melee: Trident           |    89 |   154 ||   243
Throw: Throwing net      |       |     1 ||     1
  Use: Potion            |       |     1 ||     1
 Stab: Sleeping          |     2 |       ||     2
Armor: Leather armour    |    14 |    23 ||    37
Dodge: Dodged            |    40 |    76 ||   116
